 Dungeon Crawl Stone Soup version 0.23-a0-49-gd9f7a49 (webtiles) character file.

53 inc the Magician (level 3, -4/24 HPs)
             Began as a Mummy Fire Elementalist on Aug 6, 2018.
             Slain by a bullfrog skeleton (5 damage)
             ... on level 3 of the Dungeon.
             The game lasted 00:02:37 (1980 turns).

inc the Magician (Mummy Fire Elementalist)          Turns: 1980, Time: 00:02:37

Health: -4/24      AC:  2    Str: 11    XL:     3   Next: 62%
Magic:  1/7        EV: 12    Int: 15    God:
Gold:   77         SH:  0    Dex: 12    Spells: 6/7 levels left

rFire    x . .     SeeInvis .   e - +0 hand axe
rCold    + . .     Gourm    .   (no shield)
rNeg     + + +     Faith    .   a - +0 robe
rPois    ∞         Spirit   .   (no helmet)
rElec    .         Reflect  .   (no cloak)
rCorr    .         Harm     .   (no gloves)
MR       .....                  (no boots)
Stlth    ++........             (no amulet)
HPRegen  0.08/turn              (no ring)
MPRegen  0.10/turn              (no ring)

@: very slightly contaminated
A: no food or potions, fire vulnerability, cold resistance 1, negative energy
resistance 3, torment resistance, unbreathing
a: no special abilities


You were on level 3 of the Dungeon.
You were not hungry.

You visited 1 branch of the dungeon, and saw 3 of its levels.

You collected 77 gold pieces.

Inventory:

Hand Weapons
 e - a +0 hand axe (weapon)
Armour
 a - a +0 robe (worn)
Jewellery
 c - a +2 ring of protection {unknown}
Scrolls
 f - a scroll of fog
 g - a scroll of enchant weapon
 h - 2 scrolls of remove curse {unknown}
Potions
 d - a potion of invisibility {unknown}
Comestibles
 b - a ration


   Skills:
 - Level 1.5 Dodging
 - Level 1.5 Stealth
 + Level 2.9 Spellcasting
 + Level 2.7 Conjurations
 + Level 2.5 Fire Magic


You had 6 spell levels left.
You knew the following spells:

 Your Spells              Type           Power        Failure   Level  Hunger
a - Flame Tongue          Conj/Fire      ##...        7%          1    N/A

Your spell library contained the following spells:

 Spells                   Type           Power        Failure   Level  Hunger
 Fireball                 Conj/Fire      ##........   88%         5    N/A
 Conjure Flame            Conj/Fire      ##......     21%         3    N/A
 Throw Flame              Conj/Fire      ##....       11%         2    N/A
 Sticky Flame             Conj/Fire      ##......     56%         4    N/A
 Inner Flame              Hex/Fire       #.......     36%         3    N/A

Dungeon Overview and Level Annotations

Branches:
Dungeon (3/15)

Altars:
Ashenzari
Xom


Innate Abilities, Weirdness & Mutations

You do not eat or drink.
Your flesh is vulnerable to fire.
You are immune to poison.
Your flesh is cold resistant. (rC+)
You are immune to negative energy. (rN+++)
You are immune to unholy pain and torment.
You can survive without breathing.


Message History

The bullfrog skeleton closely misses you.
Casting: Flame Tongue (safe; 7% risk of failure)
Confirm with . or Enter, or press ? or * to list all spells.
Aiming: Flame Tongue (safe; 7% risk of failure)
Press: ? - help, Shift-Dir - straight line, f/p - ooze
Aim: an ooze (lightly wounded)
You miscast Flame Tongue.
Nothing appears to happen.
The bullfrog skeleton hits you.
* * * LOW HITPOINT WARNING * * *
Casting: Flame Tongue (safe; 7% risk of failure)
Confirm with . or Enter, or press ? or * to list all spells.
Aiming: Flame Tongue (safe; 7% risk of failure)
Press: ? - help, Shift-Dir - straight line, f/p - ooze
Aim: an ooze (lightly wounded)
The flame tongue hits the bullfrog skeleton.
The bullfrog skeleton is almost destroyed.
The bullfrog skeleton hits you.
* * * LOW HITPOINT WARNING * * *
The bullfrog skeleton hits you.
You die...

#.###.## # ###
#.#...##!#...
..###...........
#.#.#...##.#.#.
...######...........#
#.......#####.##.###
#######J# #.# # #Z#
#.# #@# #.# #.# #.#
#.# #<# #.#
###.######
#.###).........
#.##....######.
#....†.....#
#..#....##.#
#..##.#......


You could see an ooze and a bullfrog skeleton.

Vanquished Creatures
  An adder (D:2)
  A worm (D:2)
  A leopard gecko (D:1)
  4 giant cockroaches (D:2)
  10 goblins
  2 hobgoblins
  2 jackals (D:1)
  A quokka (D:2)
  9 bats
  2 frilled lizards (D:2)
  2 kobolds
  2 rats (D:2)
37 creatures vanquished.

Notes
Turn   | Place    | Note
-------+----------+-------------------------------------------
     0 | D:1      | inc the Mummy Fire Elementalist began the quest for the Orb.
     0 | D:1      | Reached XP level 1. HP: 13/13 MP: 4/4
    20 | D:1      | Reached skill level 1 in Conjurations
   642 | D:1      | Reached XP level 2. HP: 19/19 MP: 3/5
   959 | D:2      | Found a shimmering altar of Xom.
   968 | D:2      | Found a shattered altar of Ashenzari.
  1296 | D:2      | Reached XP level 3. HP: 24/24 MP: 1/7
  1980 | D:3      | HP: 1/24 [bullfrog skeleton (3)]
  1980 | D:3      | Slain by a bullfrog skeleton

Vault maps used:
D:1:      scummos_arrival_forest
D:2:      xom_teletrap_fun, ashenzari_altar_1

Skill      XL: |  1  2 |
---------------+-------+-----
Conjurations   | 1 2 |  2.7
Dodging        | |  1.5
Stealth        | |  1.5
Spellcasting   | |  2.9
Fire Magic     | |  2.5

Action                   || total
-------------------------++-------
Melee: Unarmed           ||     1
       Hand axe          ||     4
 Cast: Flame Tongue      ||    73
  Use: Scroll            ||     2
Armor: Robe              ||    18
Dodge: Dodged            ||    48

Table legend:
 A = Spawn XP
 B = Non-spawn XP
 C = Spawn XP percentage of total XP
 D = Spawn monster count
 E = Non-spawn monster count
 F = Spawn count percentage of total count
 G = Total turns spent on level
                    A         B        C        D         E        F      G
               +---------+---------+-------+---------+---------+-------+---------
         Total |       0 |      76 |   0.0 |       0 |      37 |   0.0 |  1980
               +---------+---------+-------+---------+---------+-------+---------
           D:1 |       0 |      20 |   0.0 |       0 |      12 |   0.0 |   818
           D:2 |       0 |      46 |   0.0 |       0 |      19 |   0.0 |  1051
           D:3 |       0 |      10 |   0.0 |       0 |       6 |   0.0 |   111
               +---------+---------+-------+---------+---------+-------+---------
